 Dungeon Crawl Stone Soup version 0.17.1-1-g73c8601 (webtiles) character file.

359 MirrMurr the Grave Robber (level 6, -2/49 HPs)
             Began as a Deep Dwarf Necromancer on Jan 2, 2016.
             Slain by a phantom (5 damage)
             ... on level 4 of the Dungeon.
             The game lasted 00:21:13 (5373 turns).

MirrMurr the Grave Robber (Deep Dwarf Necromancer)  Turns: 5373, Time: 00:21:13

Health: -2/49      AC:  3    Str: 11    XL:     6   Next: 37%
Magic:  11/11      EV: 12    Int: 18    God:
Gold:   177        SH:  0    Dex: 16    Spells: 4 memorised, 3 levels left

rFire  . . .     SeeInvis .     e - +3 mace
rCold  . . .     Clarity  .     w - +0 leather armour
rNeg   . . .     SustAt   .     (no shield)
rPois  .         Gourm    .     (no helmet)
rElec  .         Spirit   .     (no cloak)
rCorr  .         Warding  .     (no gloves)
rMut   .         Stasis   .     (no boots)
MR     .....                    (no amulet)
Stlth  ++........               (no ring)
                                y - +3 ring of dexterity

@: non-regenerating, not resistant to hostile enchantments, unstealthy
A: damage resistance, recharge devices, sense surroundings 1, slow regeneration
3
a: Device Recharging


You were on level 4 of the Dungeon.
You were not hungry.

You visited 1 branch of the dungeon, and saw 4 of its levels.

You collected 177 gold pieces.

Inventory:

Hand Weapons
 e - a +3 mace (weapon)
 v - a cursed -2 dagger
 z - a cursed -3 dagger
Missiles
 l - 160 stones
 q - 10 tomahawks (quivered)
Armour
 a - a +0 robe
 n - a +0 leather armour of poison resistance
 w - a +0 leather armour (worn)
 x - a +0 ring mail
Magical Staves
 t - an uncursed staff of air {unknown}
Jewellery
 y - a +3 ring of dexterity (left hand)
Wands
 c - a wand of heal wounds (2)
Scrolls
 f - a scroll of enchant weapon
 i - 2 scrolls of identify
 k - a scroll of magic mapping
 m - 4 scrolls of blinking
 o - a scroll of amnesia
Potions
 g - a potion of cure mutation
 s - 2 potions of brilliance
Books
 b - a book of Necromancy

   Spells                             Type                      Level
   a - Pain                           Necromancy                   1
   b - Animate Skeleton               Necromancy                   1
   c - Vampiric Draining              Necromancy                   3
   d - Regeneration                   Charms/Necromancy            3
   e - Animate Dead                   Necromancy                   4
   f - Control Undead                 Necromancy                   4
Comestibles
 d - 3 bread rations
 h - 2 meat rations


   Skills:
 - Level 2.1 Dodging
 - Level 2.4 Stealth
 - Level 1.7 Unarmed Combat
 + Level 3.6 Spellcasting
 + Level 6.8 Necromancy


You had 3 spell levels left.
You knew the following spells:

 Your Spells              Type           Power        Failure   Level  Hunger
a - Pain                  Necr           ####         1%          1    None
b - Vampiric Draining     Necr           ####......   4%          3    ###....
c - Animate Skeleton      Necr           N/A          1%          1    None
d - Animate Dead          Necr           N/A          14%         4    ####...


Dungeon Overview and Level Annotations

Branches:
Dungeon (4/15)
 Temple: D:4-7

Altars:
Zin


Innate Abilities, Weirdness & Mutations

You are resistant to damage.
You can recharge devices by infusing magical energy.
You passively map a small area around you.
You do not regenerate naturally.


Message History

The phantom barely misses you.
You thump the phantom!
The phantom is heavily damaged.
The phantom blinks!
The phantom hits you!
* * * LOW HITPOINT WARNING * * *
You hit the phantom.
The phantom is heavily damaged.
The phantom hits you but does no damage.
You closely miss the phantom.
The phantom is heavily damaged.
The phantom closely misses you.
You hit the phantom.
The phantom is severely damaged.
The phantom hits you but does no damage.
The phantom hits you.
* * * LOW HITPOINT WARNING * * *
The phantom blinks!
The phantom hits you!
You die...

............#..........#
....♣.....♣###........##
..........# ##........##
....♣#♣.♣.♣##..........#
...........##..........#
..###......##...........
### ##....###...........
# ###..#### #...........
###...## ###?.W@.....#
....### ###...#......##
.#### ##........#####
.## #..##..##.#
..######.###..##.#
.....##..###..#..#
.###.##.###.....####
.###........#......##
....................##


You could see a phantom.

Vanquished Creatures
  A scorpion (D:4)
  A hound (D:4)
  Ijyb (D:3)
  4 orc wizards
  Natasha (D:3)
  An adder (D:2)
  4 oozes
  5 worms
  An adder skeleton (D:4)
  3 giant geckos
  13 orcs
  6 goblins
  8 hobgoblins
  8 jackals
  3 kobolds
  2 quokkas (D:2)
  2 ball pythons
  5 bats
  5 giant cockroaches
  4 giant newts
  4 rats
82 creatures vanquished.

Notes
Turn   | Place    | Note
--------------------------------------------------------------
     0 | D:1      | MirrMurr the Deep Dwarf Necromancer began the quest for the Orb.
     0 | D:1      | Reached XP level 1. HP: 15/15 MP: 3/3
     2 | D:1      | Noticed a formicid
     4 | D:1      | Noticed a demigod
     4 | D:1      | Noticed a human
     6 | D:1      | Noticed a spriggan
     6 | D:1      | Noticed a tengu
     8 | D:1      | Noticed a minotaur
     8 | D:1      | Noticed a naga
    10 | D:1      | Noticed a troll
    10 | D:1      | Noticed a merfolk
    12 | D:1      | Noticed a dwarf
    12 | D:1      | Noticed a vine stalker
    14 | D:1      | Noticed an elf
    14 | D:1      | Noticed a ghoul
    16 | D:1      | Noticed a felid
    18 | D:1      | Noticed a centaur
    20 | D:1      | Noticed a vampire
    22 | D:1      | Noticed a demonspawn
    24 | D:1      | Noticed a gargoyle
    24 | D:1      | Noticed an octopode
    26 | D:1      | Noticed an ogre
    26 | D:1      | Noticed a draconian
   264 | D:1      | Reached XP level 2. HP: 20/22 MP: 4/4
   504 | D:1      | Reached skill level 5 in Necromancy
   606 | D:1      | Reached skill level 1 in Unarmed Combat
   891 | D:2      | Reached XP level 3. HP: 15/28 MP: 5/5
   896 | D:2      | Learned a level 3 spell: Vampiric Draining
  1802 | D:2      | Learned a level 1 spell: Animate Skeleton
  2632 | D:3      | Noticed Natasha
  2674 | D:3      | Noticed Ijyb
  2705 | D:3      | Killed Natasha
  2705 | D:3      | Reached XP level 4. HP: 12/36 MP: 0/7
  2739 | D:3      | Killed Ijyb
  2913 | D:3      | Reached XP level 5. HP: 15/42 MP: 0/9
  3067 | D:3      | Found a glowing silver altar of Zin.
  3339 | D:3      | Reached skill level 6 in Necromancy
  4898 | D:4      | Reached XP level 6. HP: 8/49 MP: 2/11
  4993 | D:4      | Noticed a phantom
  5070 | D:4      | Noticed a scorpion
  5082 | D:4      | Killed a scorpion
  5094 | D:4      | Learned a level 4 spell: Animate Dead
  5373 | D:4      | Slain by a phantom

Action                   |  1- 3 |  4- 6 || total
-------------------------+-------+-------++-------
Melee: Unarmed           |    33 |       ||    33
       Whip              |   179 |   118 ||   297
       Mace              |       |    22 ||    22
Throw: Tomahawk          |       |    11 ||    11
       Stone             |       |     2 ||     2
 Cast: Vampiric Draining |    21 |    46 ||    67
       Pain              |       |     1 ||     1
       Animate Dead      |       |     1 ||     1
       Animate Skeleton  |       |     1 ||     1
Evoke: Wand              |     2 |     1 ||     3
  Use: Scroll            |       |    13 ||    13
       Potion            |       |     2 ||     2
 Stab: Sleeping          |     6 |     3 ||     9
  Eat: Chunk             |     9 |    13 ||    22
